 Dungeon Crawl Stone Soup version 0.29.0-4-gdea44cf6ec (webtiles) character file.

Game seed: 18155028205478288534

9 qw the Chopper (level 2, 0/17 HPs)
             Began as a Tengu Warper on Aug 28, 2022.
             Slain by a gnoll
             ... wielding a +0 flail of protection
              (9 damage)
             ... on level 1 of the Dungeon.
             The game lasted 00:00:02 (348 turns).

qw the Chopper (Tengu Warper)                        Turns: 348, Time: 00:00:02

Health: 0/17       AC:  3    Str: 11    XL:     2   Next: 16%
Magic:  6/6        EV: 11    Int: 13    God:
Gold:   0          SH:  0    Dex: 13    Spells: 5/5 levels left

rFire   . . .      SeeInvis .   a - +0 hand axe
rCold   . . .      Faith    .   (no shield)
rNeg    . . .      Spirit   .   b - +0 leather armour
rPois   .          Reflect  .   (helmet restricted)
rElec   .          Harm     .   (no cloak)
rCorr   .          Rampage  .   (no gloves)
Will    .....                   (boots unavailable)
Stlth   +.........              (no amulet)
HPRegen 0.05/turn               (no ring)
MPRegen 0.10/turn               (no ring)

@: no status effects
A: beak, talons 3
a: no special abilities


You were on level 1 of the Dungeon.
You visited 1 branch of the dungeon, and saw 1 of its levels.


Innate Abilities, Weirdness & Mutations

You have a beak for a mouth.
You have claws for feet.


   Skills:
 - Level 2.0 Fighting
 + Level 3.1 Axes
 - Level 1.0 Throwing
 - Level 1.1 Armour
 - Level 2.1 Dodging
 - Level 2.0 Spellcasting
 - Level 2.4 Translocations


You had 5 spell levels left.
You didn't know any spells.
Your spell library contained the following spells:

 Spells                   Type           Power      Damage    Failure   Level
 Blink                    Tloc           14%        N/A       19%         2
 Gell's Gravitas          Tloc           7%         N/A       36%         3
 Lesser Beckoning         Tloc           7%         N/A       36%         3
 Teleport Other           Tloc           7%         N/A       36%         3
 Manifold Assault         Tloc           7%         N/A       98%         5

Inventory:

Hand Weapons
 a - a +0 hand axe (weapon)
 e - a +0 flail
Armour
 b - a +0 leather armour (worn)
Scrolls
 c - a scroll of blinking
 f - a scroll of teleportation {unknown}
Potions
 d - a potion of heal wounds {unknown}

Dungeon Overview and Level Annotations

Branches:
Dungeon (1/15)

Altars:


Message History

You kill the frilled lizard!
You have reached level 2!
You start resting.
HP restored.
Found a scroll of blinking.
Found a stone staircase leading down.
You open the door.
There is an open door here.
d - a fizzy cyan potion
Enter note: A quokka comes into view.
You completely miss the quokka. You peck the quokka, but do no damage.
The quokka bites you.
You hit the quokka. You peck the quokka, but do no damage.
The quokka is lightly wounded.
The quokka bites you.
The quokka bites you but does no damage.
You hit the quokka. You claw the quokka.
You kill the quokka!
Your Axes skill increases to level 3!
You start resting.
HP restored.
A quokka comes into view.
You hit the quokka. You claw the quokka, but do no damage.
The quokka is moderately wounded.
The quokka barely misses you.
You hit the quokka.
You kill the quokka!
You see here a quokka corpse.
A gnoll comes into view.
It is wielding a +0 flail of protection.
The gnoll shouts!
You hit the gnoll but do no damage.
The gnoll hits you with a +0 flail of protection!
You hit the gnoll but do no damage. Your kick misses the gnoll.
Your peck misses the gnoll.
The gnoll hits you with a +0 flail of protection.
You barely miss the gnoll.
The gnoll hits you with a +0 flail of protection!
Ouch! That really hurt!
You die...

##.....#
#.#
#.....#
#.#
#.....#
#.#
#.....#
########.#
####.....#
#........#
.........#
#%########
.).......#
#.#
:.....####
#.#
...##.#
#@#
##)##.#
#g#
...##.#
#.#
##.##.#
#.#
#>.##.#
#.#
##.##.#
#.#
...##.#
#!#
##.##.#
#.# ...#


You could see a gnoll.

Vanquished Creatures
  A goblin (D:1)
  2 quokkas (D:1)
  3 ball pythons (D:1)
  A frilled lizard (D:1)
  3 rats (D:1)
10 creatures vanquished.

Notes
Turn   | Place    | Note
-------+----------+-------------------------------------------
     0 | D:1      | qw the Tengu Warper began the quest for the Orb.
     0 | D:1      | Reached XP level 1. HP: 12/12 MP: 4/4
     0 | D:1      | 0 ||| qw: Version: 0.1-a-89-g26bdef1
     0 | D:1      | 0 ||| qw: Game counter: 2408
     0 | D:1      | 0 ||| qw: Always use a shield: true
     0 | D:1      | 0 ||| qw: God list: Okawaru
     0 | D:1      | 0 ||| qw: Allow faded altars: false
     0 | D:1      | 0 ||| qw: Do Orc after D:15 true
     0 | D:1      | 0 ||| qw: Do second Lair branch before Depths: true
     0 | D:1      | 0 ||| qw: Lair rune preference: random
     0 | D:1      | 0 ||| qw: Plans: Normal
     0 | D:1      | 0 ||| PLANNING D:1-11
     4 | D:1      | 4 ||| Stepping ~*~*~tactically~*~*~ (stealth).
     5 | D:1      | 5 ||| Stepping ~*~*~tactically~*~*~ (stealth).
    46 | D:1      | 46 ||| Stepping ~*~*~tactically~*~*~ (stealth).
    76 | D:1      | Reached XP level 2. HP: 11/17 MP: 6/6
   249 | D:1      | Reached skill level 3 in Axes
   348 | D:1      | Slain by a gnoll

Levels and vault maps discovered:
D:1:      onia_arrival_handbag, layout_basic, minivault_11

Skill      XL: |  1  2 |
---------------+-------+-----
Axes           | 3 |  3.1
Fighting       | |  2.0
Throwing       | |  1.0
Armour         | |  1.1
Dodging        | |  2.1
Spellcasting   | |  2.0
Translocations | |  2.4

Action                   || total
-------------------------++-------
Melee: Hand axe          ||    17
       Kick              ||     5
       Peck              ||     2
Throw: Boomerang         ||     7
Armor: Leather armour    ||     3
Dodge: Dodged            ||     4

Table legend:
 A = Non-vault XP
 B = Vault XP
 C = Vault XP percentage of total XP
 D = Non-vault monster count
 E = Vault monster count
 F = Vault count percentage of total count
                 A         B        C        D         E       F
            +---------+---------+-------+---------+---------+-------
      Total |       9 |       5 |  35.7 |       6 |       4 |  40.0
            +---------+---------+-------+---------+---------+-------
        D:1 |       9 |       5 |  35.7 |       6 |       4 |  40.0
            +---------+---------+-------+---------+---------+-------
